 Dungeon Crawl Stone Soup version 0.29.1-15-g9cfb28693d (webtiles) character file.

Game seed: 11442059872613445476

6 Thatpatchoflichen the Chiller (level 1, 0/14 HPs)
             Began as a Demonspawn Ice Elementalist on Mar 6, 2023.
             Killed from afar by a dart slug (4 damage)
             ... with a slug dart
             ... on level 1 of the Dungeon.
             The game lasted 00:01:16 (710 turns).

Thatpatchoflichen the Chiller (DsIE)                 Turns: 710, Time: 00:01:17

Health: 0/14       AC:  2    Str:  8    XL:     1   Next: 75%
Magic:  3/3        EV: 12    Int: 16    God:
Gold:   0          SH:  0    Dex: 13    Spells: 3/4 levels left

rFire   . . .      SeeInvis .   j - +0 spear
rCold   . . .      Faith    .   (no shield)
rNeg    . . .      Spirit   .   a - +0 robe
rPois   .          Reflect  .   (no helmet)
rElec   .          Harm     .   (no cloak)
rCorr   .          Rampage  .   (no gloves)
Will    .....                   (no boots)
Stlth   ++........              (no amulet)
HPRegen 0.04/turn               (no ring)
MPRegen 0.08/turn               (no ring)

@: no status effects
A: no striking features
a: no special abilities


You were on level 1 of the Dungeon.
You visited 1 branch of the dungeon, and saw 1 of its levels.

Inventory:

Hand Weapons
 d - a +0 whip
 j - a +0 spear (weapon)
Armour
 a - a +0 robe (worn)
Scrolls
 e - a scroll of teleportation {unknown}
 f - a scroll of fog {unknown}
 h - a scroll of blinking {unknown}
 i - 3 scrolls of identify {unknown}
 k - a scroll of brand weapon {unknown}
Potions
 b - a potion of magic
 c - a potion of ambrosia {unknown}
 g - a potion of attraction {unknown}
 l - 2 potions of heal wounds {unknown}
 m - a potion of degeneration {unknown}


   Skills:
 + Level 0.3 Fighting
 + Level 0.3 Armour
 + Level 1.9 Dodging
 + Level 1.9 Stealth
 - Level 2.0 Spellcasting
 + Level 3.6 Ice Magic


You had 3 spell levels left.
You knew the following spells:

 Your Spells              Type           Power      Damage    Failure   Level
a - Freeze                Ice            52%        1d7       4%          1

Your spell library contained the following spells:

 Spells                   Type           Power      Damage    Failure   Level
 Frozen Ramparts          Ice            26%        1d4       14%         3
 Ozocubu's Armour         Ice            13%        N/A       14%         3
 Tukima's Dance           Hex            1%         N/A       52%         3
 Hailstorm                Conj/Ice       7%         3d4       67%         4
 Passage of Golubria      Tloc           1%         N/A       90%         4
 Yara's Violent Unravell  Hex/Tmut       0%         3d3       99%         5


Dungeon Overview and Level Annotations

Branches:
Dungeon (1/15)

Altars:


Message History

You see here a +0 club.
You open the door.
There is an open door here.
l - 2 murky coppery potions As you open the door, it creaks loudly!
There are no items here.
There is an open door here.
You open the door.
There is an open door here.
m - a fizzy ruby potion
There is an open door here.
There is an open door here.
Found a faded altar of an unknown god.
There is an open door here.
You open the door.
There is an open door here.
i - 3 scrolls labelled LETSOMOYSUF (gained 1)
A dart slug comes into view.
You hit the dart slug.
The dart slug is lightly wounded.
The dart slug bites you.
You hit the dart slug.
The dart slug is moderately wounded.
You barely miss the dart slug.
The dart slug is moderately wounded.
The dart slug launches a dart at you. The slug dart hits you.
You hit the dart slug but do no damage.
The dart slug is moderately wounded.
The dart slug launches a dart at you. The slug dart hits you.
* * * LOW HITPOINT WARNING * * *
You barely miss the dart slug.
The dart slug is moderately wounded.
The dart slug closely misses you.
You hit the dart slug.
The dart slug is moderately wounded.
The dart slug launches a dart at you. The slug dart hits you.
You die...

...# #.# #.#.# ...#
#.# #.#.# #### #.#
#.#.# #.#.# #.#.#
###########.#.# #
...........#.#
#.#w...........#
#####.#@##########.#
..................##
#####.#.#.#######.#
#.#.#########.# .
#....^......# ##
#.########### ###


You could see a dart slug.

Vanquished Creatures
  A giant cockroach (D:1)
  2 ball pythons (D:1)
  A bat (D:1)
  A goblin (D:1)
  A kobold (D:1)
  A rat (D:1)
7 creatures vanquished.

Notes
Turn   | Place    | Note
-------+----------+-------------------------------------------
     0 | D:1      | Thatpatchoflichen the Demonspawn Ice Elementalist began the
                  | quest for the Orb.
     0 | D:1      | Reached XP level 1. HP: 13/13 MP: 3/3
   584 | D:1      | Found a faded altar of an unknown god.
   710 | D:1      | Killed from afar by a dart slug

Illustrated notes

Levels and vault maps discovered:
D:1:      saegor_arrival_miasma, layout_basic,
          shapermc_ecumenical_altar_acropolis

Action                   || total
-------------------------++-------
Melee: Spear             ||     7
       Whip              ||     5
       Unarmed           ||     1
       Punch             ||     1
 Cast: Freeze            ||     6
 Stab: Sleeping          ||     1
Armor: Robe              ||     2
Dodge: Dodged            ||    12
